 Dungeon Crawl Stone Soup version 0.26-a0-542-gbaa144ba5c (webtiles) character file.

Game seed: 3340878890674601284

(classic levelgen) 301652 EnegeticOcto the Executioner (level 19, -13/183 HPs)
             Began as a Deep Dwarf Fighter on Aug 18, 2020.
             Was the Champion of Okawaru.
             Mangled by an Orb Guardian (39 damage)
             ... on level 5 of the Realm of Zot.
             The game lasted 00:55:01 (7370 turns).

EnegeticOcto the Executioner (Deep Dwarf Fighter)   Turns: 7370, Time: 00:55:01

Health: -13/183    AC: 31    Str: 31    XL:     19   Next: 79%
Magic:  11/13      EV:  8    Int: 20    God:    Okawaru [******]
Gold:   251        SH:  0    Dex: 10    Spells: 18/18 levels left

rFire    + + .     SeeInvis .   V - +7 executioner's axe (vamp)
rCold    + . .     Faith    .   (shield currently unavailable)
rNeg     + . .     Spirit   .   G - +5 plate armour {rPois}
rPois    +         Reflect  +   t - +2 hat {Int+3}
rElec    .         Harm     .   x - scarf {+Inv}
rCorr    .                      F - +2 pair of gloves {archery}
MR       ++...                  H - +2 pair of boots {Fly}
Stlth    ..........             r - amulet of reflection
HPRegen  0.00/turn              N - ring "Wacleug" {rPois rC+ Str+5 Int+6}
MPRegen  0.13/turn              X - ring of Xom's Amusement {Wiz rF+}

@: finesse, flying, held, non-regenerating, hasted, very quick
A: damage resistance, heal wounds, clumsy 1, fire resistance 1, negative energy
resistance 1, sense surroundings 3, no regeneration
}: 3/15 runes: serpentine, barnacled, abyssal
a: Heal Wounds, Heroism, Finesse, Renounce Religion, Evoke Invisibility, Stop
Flying


You were on level 5 of the Realm of Zot.
You worshipped Okawaru.
Okawaru was exalted by your worship.
You visited 7 branches of the dungeon, and saw 39 of its levels.
You visited the Abyss 1 time.

You collected 1561 gold pieces.
You spent 1310 gold pieces at shops.

Inventory:

Hand Weapons
 a - the +7 battleaxe of Somu {vorpal, +Fly rC+}
   (Okawaru gifted it to you on level 4 of the Snake Pit)

   It inflicts extra damage upon your enemies.
   It protects you from cold.
   It lets you fly.
 k - the +5 broad axe of Insufficient Pleasure {elec, rC+ rN+ MR+ Dex+2, unknown}
   (Okawaru gifted it to you on level 4 of the Depths)

   Occasionally, upon striking a foe, it will discharge some electrical energy
   and cause terrible harm.
   It affects your dexterity (+2).
   It protects you from cold.
   It protects you from negative energy.
   It affects your resistance to hostile enchantments.
 A - the +8 battleaxe "Winoucsi" {vamp, Stlth+}
   (You acquired it on level 1 of the Orcish Mines)

   It inflicts no extra harm, but heals its wielder when it wounds a living foe.
   It makes you more stealthy.
 T - a +2 rapier of distortion
 V - a +7 vampiric executioner's axe (weapon)
 Y - a +0 vorpal executioner's axe
Missiles
 s - 11 throwing nets {!f}
 w - 4 boomerangs (quivered)
 E - 8 silver boomerangs
 R - 4 javelins
Armour
 t - a +2 hat of intelligence (worn)
 u - +0 storm dragon scales
 x - a scarf of invisibility (worn)
 D - the +6 tower shield "Juhototh" {Rampage Int-3 Dex+3, unknown}
   (Okawaru gifted it to you on level 2 of the Orcish Mines)

   It affects your intelligence (-3).
   It affects your dexterity (+3).
   It bestows one free step when moving towards enemies.
 F - a +2 pair of gloves of archery (worn)
 G - a +5 plate armour of poison resistance (worn)
 H - a +2 pair of boots of flying (worn)
 L - a +0 cloak of magic resistance
 Q - the +4 tower shield of a volcano {rF+ Slay+3, unknown}
   (Okawaru gifted it to you on level 2 of the Shoals)

   It affects your accuracy and damage with ranged weapons and melee attacks
   (+3).
   It protects you from fire.
Jewellery
 c - an uncursed ring of protection from fire {unknown}
 q - an uncursed amulet of magic regeneration
 r - an amulet of reflection (around neck)
 M - a +4 ring of protection
 N - the ring "Wacleug" (left hand) {rPois rC+ Str+5 Int+6}
   (You found it on level 1 of the Shoals)

   [ring of intelligence]

   It affects your strength (+5).
   It affects your intelligence (+6).
   It protects you from cold.
   It protects you from poison.
 X - the ring of Xom's Amusement (right hand) {Wiz rF+}
   (You found it on level 2 of the Realm of Zot)

   [ring of wizardry]

   It improves your spell success rate.
   It protects you from fire.
Wands
 m - a wand of polymorph (7)
 o - a wand of disintegration (11)
 p - a wand of enslavement (14)
 C - a wand of random effects (34)
 I - a wand of paralysis (7)
 J - a wand of iceblast (2) {@v2}
 P - a wand of flame (16) {@v4}
Scrolls
 b - 3 scrolls of immolation
 g - 2 scrolls of noise
 v - 2 scrolls of remove curse {@r2}
 K - a scroll of silence
 O - 7 scrolls of teleportation {@r3 !r}
Potions
 d - 2 potions of might {@q3 !q}
 e - 3 potions of haste {@q4 !q}
 f - 2 potions of flight
 h - 3 potions of stabbing {@q5 !q}
 i - 2 potions of cancellation
 j - a potion of invisibility
 l - 14 potions of curing {@q1 !q}
 n - 4 potions of heal wounds {@q2 !q}
 z - 3 potions of mutation
 B - 2 potions of ambrosia
 S - a potion of lignification {@q6}
 W - a potion of degeneration {unknown}
Miscellaneous
 y - a box of beasts (3/3)
 U - a condenser vane (2/2)


   Skills:
 + Level 14.7 Fighting
 + Level 21.1 Axes
 + Level 15.7 Armour
 + Level 15.4 Dodging
 - Level 3.2 Shields
 + Level 14.0 Invocations
 - Level 15.0 Evocations


You had 18 spell levels left.
You didn't know any spells.
Your spell library contained the following spells:

 Spells                   Type           Power        Failure   Level
 Animate Skeleton         Necr           #.....       34%         1
 Apportation              Tloc           #.....       34%         1
 Corona                   Hex            #......      34%         1
 Freeze                   Ice            #...         34%         1
 Summon Small Mammal      Summ           #...         34%         1
 Frozen Ramparts          Ice            #.....       71%         3
 Ozocubu's Armour         Ice            #.......     71%         3
 Hailstorm                Conj/Ice       #.......     97%         4
 Summon Ice Beast         Ice/Summ       #.......     97%         4


Dungeon Overview and Level Annotations

Branches:
Dungeon (15/15)              Lair (4/6) D:8          Shoals (4/4) Lair:2
  Snake (4/4) Lair:2          Orc (2/2) D:10            Elf (0/3) Orc:2
 Depths (5/5) D:15            Zot (5/5) Depths:5
 Temple: D:4-7       Vaults: D:13-14

Altars:
Gozag
Kikubaaqudgha
Makhleb
Okawaru

Shops:
D:9 *:   Orc:1 [   Orc:2 :[[:

Portals:
Hell: Depths:4

Annotations:
Shoals:3 exclusion: oklob plant


Innate Abilities, Weirdness & Mutations

You are resistant to damage.
You can heal yourself by infusing magical energy.
You resist negative energy. (rN+)
You passively map a large area around you.
You do not regenerate.
You are clumsy. (Dex -2)
Your flesh is heat resistant. (rF+)


Message History

You slash the moth of wrath!
The moth of wrath is moderately wounded.
You closely miss the moth of wrath.
The moth of wrath is moderately wounded.
The moth of wrath bites you but does no damage.
You closely miss the moth of wrath.
The moth of wrath is moderately wounded.
You slice the moth of wrath!!
The moth of wrath is severely wounded.
You block the moth of wrath's attack.
You slash the moth of wrath!
The moth of wrath is almost dead.
The moth of wrath barely misses you.
You barely miss the moth of wrath.
The moth of wrath is almost dead.
You completely miss the moth of wrath.
The moth of wrath is almost dead.
The moth of wrath bites you but does no damage.
You hit the moth of wrath.
You feel better.
The moth of wrath is almost dead.
You slice the moth of wrath!!
You feel better.
You kill the moth of wrath!
Okawaru accepts your kill.
No target in view!
Found a potion of curing.
You see here a moth of wrath corpse.
Found a club.
l - 14 potions of curing {@q1 !q} (gained 1)
Found a pink potion.
Found a stone staircase leading up.
Found a scroll labeled RERCHA XUDATO.
You stumble into a teleport trap!
You are suddenly yanked towards some nearby monsters!
Your surroundings suddenly seem different.
A purple draconian comes into view. It is wielding a -1 glaive.
The purple draconian roars!
A golden dragon comes into view.
The golden dragon roars deafeningly!
A purple draconian shifter comes into view.
It is wielding a +0 long sword.
The purple draconian shifter roars!
You hear a roar! x2; You hear a shout!
You hear a roar!
The Orb Guardian barely misses you. The Orb Guardian misses you.
An Orb Guardian comes into view. x6
The Orb Guardian disappears!
An Orb Guardian comes into view.
The Orb Guardian drops a net on you. A large net falls onto you!
You become entangled in the net!
An Orb Guardian comes into view. x2
A yellow draconian comes into view.
It is wielding a +0 halberd of protection.
The purple draconian shifter blinks!
The golden dragon bites you but does no damage.
The golden dragon claws you but does no damage.
The golden dragon tramples you but does no damage.
The moth of wrath goads the Orb Guardian on!
The Orb Guardian goes berserk!
An Orb Guardian comes into view.
The Orb Guardian closely misses you.
A Killer Klown comes into view. It is wielding a +9 club of freezing.
The Killer Klown shouts!
Found a throwing net and the Orb of Zot.
A moth of wrath and an Orb Guardian come into view.
You see here a throwing net {!f}.
Really quaff
e - 4 potions of haste {@q4 !q}?
You feel yourself speed up.
The Orb Guardian hits you but does no damage.
The Orb Guardian closely misses you.
The Orb Guardian hits you but does no damage. x2
The Orb Guardian hits you! The Orb Guardian hits you!!
The purple draconian shifter disappears!
The golden dragon barely misses you. The golden dragon closely misses you.
The golden dragon tramples you but does no damage.
The Orb Guardian hits you but does no damage.
A green draconian knight comes into view.
It is wielding a +2 long sword of electrocution.
The Orb Guardian hits you but does no damage.
The green draconian knight roars!
You struggle against the net.
The Orb Guardian hits you but does no damage. x2
The Orb Guardian barely misses you. The Orb Guardian hits you! x3
The Killer Klown sprays water.
The golden dragon bites you but does no damage.
The golden dragon claws you but does no damage.
The golden dragon tramples you.
You hold your ground!
You feel much better. The Orb Guardian hits you!!!
The Orb Guardian hits you but does no damage.
The Orb Guardian completely misses you. The Orb Guardian hits you!
The Orb Guardian hits you!!
* * * LOW HITPOINT WARNING * * *
The Orb Guardian hits you!!
* * * LOW HITPOINT WARNING * * *
The Orb Guardian hits you.
* * * LOW HITPOINT WARNING * * *
You hear a roar!
You hear a shout! x2
Okay, then.
Unknown command.
You are a level 19 Deep Dwarf Fighter.
You are 79% of the way to level 20.
Play time: 00:54:03 (7370 turns) Unknown command.
Unknown command.
Really quaff
n - 5 potions of heal wounds {@q2 !q}?
You feel much better. The Orb Guardian hits you!!!
You die...

, * * ** , , ,*
** , , ,, , ,,
▓▓▓▓▓▓▓▓▓ ,, ,
,, ▓▓.......▓▓ .
▓▓.........▓ , ,
,
...▓..§X.d.....*
, , , ,
..p.d.XDXX.....
, , ,
▓.yX@XXX....* ,
, , ,,
,,▓▓.XXX.^.^.▓ ,
,, , , , ,
▓▓.......▓▓ , ,
, ▓▓▓▓▓▓▓▓▓ * ,,
, ,, * *, , , ,,
* , ,,, * ** , *
* * * ^ ^ , ,


You could see a Killer Klown, a golden dragon, a yellow draconian, a purple
draconian, 11 Orb Guardians and a moth of wrath.

Vanquished Creatures
  Mara (Snake:4)
  Saint Roka (Depths:4)
  Margery (Depths:4)
  Vashnia (Snake:4)
  Nikola (Snake:2)
  2 golden dragons
  7 tentacled monstrosities
  Jorgrun (Orc:1)
  3 quicksilver dragons
  A kraken (Shoals:2)
  3 shadow dragons
  4 death cobs
  4 tentacled starspawn (Abyss:3)
  Agnes (Snake:4)
  8 storm dragons
  10 nagarajas
  Ilsuiw (Shoals:3)
  4 draconian knights
  A frost giant (Depths:4)
  3 draconian monks
  A fire giant (Depths:4)
  Louise (Shoals:1)
  2 draconian scorchers
  6 draconian shifters
  Aizul (Shoals:1)
  2 ghost moths
  An angel (Abyss:3)
  2 draconian stormcallers
  3 very ugly things (Abyss:3)
  A stone giant (Depths:4)
  A draconian annihilator (Zot:3)
  A starcursed mass (Abyss:3)
  2 vampire knights (Depths:5)
  9 green draconians
  A deep elf demonologist (Abyss:3)
  6 purple draconians
  7 yellow draconians
  9 black draconians
  5 red draconians
  3 white draconians
  5 merfolk javelineers
  A yaktaur captain (Depths:4)
  8 merfolk impalers
  2 fire dragons (Depths:5)
  Erolcha (D:9)
  Harold (Orc:1)
  2 great orbs of eyes
  15 naga warriors
  An ice dragon (Depths:5)
  2 hydras
  A hydra (shapeshifter) (Depths:5)
  2 anacondas (Snake:4)
  An alligator snapping turtle (Shoals:4)
  A rakshasa (Abyss:3)
  3 merfolk aquamancers
  3 satyrs
  4 ogre magi
  A deep troll shaman (Depths:4)
  14 two-headed ogres
  A deep troll earth mage (Depths:4)
  13 naga sharpshooters
  3 hell knights (Depths:4)
  A thrashing horror (Abyss:3)
  Nergalle (Lair:2)
  6 wretched stars (Abyss:3)
  3 salamander mystics
  8 shock serpents
  A spriggan berserker (Depths:5)
  An iron troll (Depths:4)
  10 sea snakes
  3 sixfirhies
  An unseen horror (Abyss:3)
  3 naga ritualists (Snake:4)
  2 deep trolls (Depths:4)
  A glowing orange brain (Abyss:3)
  A necromancer (Depths:4)
  A swamp dragon (Abyss:3)
  6 harpies
  6 fauns (Shoals:2)
  An orc sorcerer (Orc:1)
  7 mana vipers
  A cyclops (D:14)
  5 manticores
  5 ugly things (Depths:2)
  16 moths of wrath
  A worldbinder (Abyss:3)
  11 salamanders
  10 merfolk sirens
  5 elephants
  An apocalypse crab (Abyss:3)
  A centaur zombie (D:10)
  5 guardian serpents
  2 smoke demons
  22 black mambas
  24 naga magi
  4 water nymphs (Shoals:4)
  2 orange demons
  A kobold demonologist (D:11)
  A gargoyle (D:10)
  4 cane toads
  A yaktaur (shapeshifter) (Depths:5)
  3 komodo dragons
  A merfolk (shapeshifter) (D:15)
  2 ancient zymes
  17 merfolk
  3 trolls
  A tengu conjurer (Depths:2)
  3 wind drakes (Shoals:4)
  4 raiju (Abyss:3)
  7 blink frogs
  5 snapping turtles
  5 hippogriffs
  6 large abominations
  A ynoxinul (Abyss:3)
  2 wraiths (Abyss:3)
  A vampire (D:14)
  7 water elementals
  4 small abominations
  2 fire elementals (Depths:3)
  4 basilisks
  16 yaks
  A neqoxec (Abyss:3)
  A warg (Depths:4)
  32 nagas
  10 water moccasins
  3 porcupines (Lair:4)
  3 ice beasts
  16 orc warriors
  22 ogres
  A phantom (D:5)
  2 centaurs (D:9)
  5 crocodiles
  2 big kobolds (D:8)
  An earth elemental (Depths:3)
  4 bullfrogs
  A gnoll sergeant (D:6)
  A wyvern skeleton (D:8)
  A swamp dragon simulacrum (Abyss:3)
  3 scorpions
  3 electric eels
  3 howler monkeys (D:7)
  A bullfrog zombie (D:11)
  A centaur skeleton (D:9)
  3 hounds
  10 orc wizards
  10 orc priests
  3 iguanas
  A jelly (D:7)
  A bullfrog skeleton (D:10)
  An iron imp (Abyss:3)
  3 worker ants
  A hound zombie (D:5)
  2 hound skeletons (D:8)
  11 gnolls
  5 adders
  A shadow imp (Abyss:3)
  2 ufetubi
  An ooze (D:2)
  An adder skeleton (D:9)
  2 dart slugs (D:2)
  A leopard gecko (D:6)
  53 orcs
  8 giant cockroaches
  4 goblins
  A hobgoblin (D:3)
  2 jackals (D:5)
  2 quokkas
  A ball python (D:3)
  2 bats
  A frilled lizard (D:3)
  11 kobolds
  4 rats
  A bush (Lair:2)
  A lurking horror (Abyss:3)
  3 plants (Snake:4)
  6 starspawn tentacles (Abyss:3)
  2 tentacles (Shoals:2)
764 creatures vanquished.

Vanquished Creatures (collateral kills)
  A purple draconian (Zot:3)
  A yellow draconian (Zot:3)
2 creatures vanquished.

Vanquished Creatures (others)
  A draconian monk (Zot:3)
  A draconian shifter (Zot:3)
  A black draconian (Zot:3)
  A merfolk avatar (Shoals:2)
  A merfolk aquamancer (Shoals:4)
  2 fauns (Shoals:2)
  2 merfolk (Shoals:3)
  A small abomination (Abyss:3)
  A human (D:9)
  2 gnolls (Orc:2)
  A lurking horror (Abyss:3)
  7 plants
  8 starspawn tentacles (Abyss:3)
  4 tentacles (Shoals:2)
33 creatures vanquished.

Grand Total: 799 creatures vanquished

Notes
Turn   | Place    | Note
-------+----------+-------------------------------------------
     0 | D:1      | EnegeticOcto the Deep Dwarf Fighter began the quest for the
                  | Orb.
     0 | D:1      | Reached XP level 1. HP: 20/20 MP: 1/1
   115 | D:1      | Reached skill level 3 in Axes
   115 | D:1      | Reached XP level 2. HP: 27/27 MP: 2/2
   167 | D:2      | Reached skill level 4 in Axes
   167 | D:2      | Reached XP level 3. HP: 24/33 MP: 3/3
   385 | D:3      | Reached skill level 5 in Axes
   385 | D:3      | Reached XP level 4. HP: 23/40 MP: 4/4
   435 | D:3      | Your magical essence is drained by the effort!
   490 | D:4      | Your magical essence is drained by the effort!
   491 | D:4      | Reached XP level 5. HP: 46/46 MP: 3/3
   503 | D:5      | Entered Level 5 of the Dungeon
   537 | D:5      | Reached skill level 6 in Axes
   550 | D:5      | Found an iron altar of Okawaru.
   554 | D:5      | Became a worshipper of Warmaster Okawaru
   598 | D:5      | Reached skill level 1 in Invocations
   606 | D:5      | Reached XP level 6. HP: 42/55 MP: 3/5
   653 | D:5      | Reached * piety under Okawaru
   653 | D:5      | Reached skill level 7 in Axes
   653 | D:5      | Reached skill level 2 in Invocations
   725 | D:6      | Reached skill level 3 in Invocations
   763 | D:6      | Noticed an orc warrior
   776 | D:6      | Killed an orc warrior
   776 | D:6      | Reached XP level 7. HP: 60/61 MP: 5/7
   779 | D:6      | Reached skill level 8 in Axes
   827 | D:6      | Reached skill level 4 in Invocations
   878 | D:6      | Reached ** piety under Okawaru
   918 | D:7      | Reached skill level 9 in Axes
   918 | D:7      | Reached skill level 5 in Invocations
   972 | D:9      | Found an ancient bone altar of Kikubaaqudgha.
   974 | D:9      | Noticed a human
   976 | D:9      | Killed a human
  1019 | D:9      | Noticed a hippogriff
  1027 | D:9      | Killed a hippogriff
  1027 | D:9      | Reached XP level 8. HP: 44/68 MP: 8/10
  1041 | D:9      | Found an opulent altar of Gozag.
  1074 | D:9      | Found Pajonuwu's Elemental Accessories.
  1075 | D:9      | Noticed Erolcha
  1094 | D:9      | Killed Erolcha
  1094 | D:9      | Reached *** piety under Okawaru
  1094 | D:9      | Reached skill level 11 in Axes
  1094 | D:9      | Reached skill level 7 in Invocations
  1101 | D:9      | Noticed a troll
  1103 | D:9      | Found Naxegg's Book Shoppe.
  1126 | D:9      | Gained mutation: You passively map the area around you.
                  | [Deep Dwarf growth]
  1126 | D:9      | Reached XP level 9. HP: 46/74 MP: 12/12
  1160 | D:10     | Entered Level 10 of the Dungeon
  1185 | D:10     | Noticed a gargoyle
  1190 | D:10     | Your magical essence is drained by the effort!
  1191 | D:10     | Killed a gargoyle
  1191 | D:10     | Reached **** piety under Okawaru
  1191 | D:10     | Reached skill level 8 in Invocations
  1332 | D:11     | Noticed a troll
  1332 | D:11     | Noticed a kobold demonologist
  1344 | D:11     | Killed a troll
  1344 | D:11     | Reached skill level 3 in Fighting
  1354 | D:11     | Killed a kobold demonologist
  1354 | D:11     | Reached skill level 12 in Axes
  1354 | D:11     | Reached skill level 9 in Invocations
  1496 | D:10     | Found a staircase to the Orcish Mines.
  1513 | Orc:1    | Entered Level 1 of the Orcish Mines
  1539 | Orc:1    | Noticed a two-headed ogre
  1555 | Orc:1    | Killed a two-headed ogre
  1555 | Orc:1    | Reached ***** piety under Okawaru
  1555 | Orc:1    | Reached skill level 4 in Fighting
  1555 | Orc:1    | Reached XP level 10. HP: 60/86 MP: 12/14
  1567 | Orc:1    | Noticed an orc sorcerer
  1574 | Orc:1    | Paralysed by an orc sorcerer for 3 turns
  1581 | Orc:1    | Noticed a rust devil
  1584 | Orc:1    | Gained mutation: You have sharp fingernails. [a neqoxec]
  1587 | Orc:1    | Your magical essence is drained by the effort!
  1591 | Orc:1    | Noticed Harold
  1608 | Orc:1    | Killed an orc sorcerer
  1608 | Orc:1    | Received a gift from Okawaru
  1608 | Orc:1    | Reached skill level 13 in Axes
  1620 | Orc:1    | Reached skill level 10 in Invocations
  1633 | Orc:1    | Killed Harold
  1633 | Orc:1    | Reached skill level 5 in Fighting
  1646 | Orc:1    | Your magical essence is drained by the effort!
  1656 | Orc:1    | Your magical essence is drained by the effort!
  1687 | Orc:1    | Found Hukegi's Armour Shop.
  1704 | Orc:2    | Entered Level 2 of the Orcish Mines
  1707 | Orc:2    | Noticed a two-headed ogre
  1712 | Orc:2    | Noticed a two-headed ogre
  1713 | Orc:2    | Noticed a two-headed ogre
  1717 | Orc:2    | Noticed a two-headed ogre
  1721 | Orc:2    | Noticed a two-headed ogre
  1723 | Orc:2    | Killed a two-headed ogre
  1723 | Orc:2    | Reached skill level 2 in Evocations
  1726 | Orc:2    | Killed a two-headed ogre
  1726 | Orc:2    | Reached skill level 14 in Axes
  1726 | Orc:2    | Reached skill level 3 in Evocations
  1727 | Orc:2    | Identified 3 scrolls of acquirement
  1727 | Orc:2    | Acquired 1050 gold pieces
  1727 | Orc:2    | Noticed a two-headed ogre
  1733 | Orc:2    | Noticed a two-headed ogre
  1741 | Orc:1    | Acquired the +8 battleaxe "Winoucsi" {vamp, Stlth+}
  1752 | Orc:1    | Acquired a +1 hat of intelligence
  1774 | Orc:1    | Your magical essence is drained by the effort!
  1791 | Orc:2    | Noticed a two-headed ogre
  1791 | Orc:2    | Killed a two-headed ogre
  1791 | Orc:2    | Reached skill level 6 in Fighting
  1791 | Orc:2    | Reached XP level 11. HP: 85/97 MP: 5/11
  1792 | Orc:2    | Reached skill level 4 in Evocations
  1794 | Orc:2    | Noticed a two-headed ogre
  1796 | Orc:2    | Noticed a two-headed ogre
  1803 | Orc:2    | Killed a two-headed ogre
  1806 | Orc:2    | Killed a two-headed ogre
  1806 | Orc:2    | Reached skill level 5 in Evocations
  1807 | Orc:2    | Noticed an ogre mage
  1808 | Orc:2    | Killed a two-headed ogre
  1808 | Orc:2    | Received a gift from Okawaru
  1815 | Orc:1    | Killed a two-headed ogre
  1822 | Orc:1    | Killed a two-headed ogre
  1822 | Orc:1    | Reached skill level 15 in Axes
  1822 | Orc:1    | Reached skill level 6 in Evocations
  1825 | Orc:2    | Noticed an ogre mage
  1829 | Orc:2    | Noticed a two-headed ogre
  1832 | Orc:2    | Killed a two-headed ogre
  1832 | Orc:2    | Reached skill level 7 in Fighting
  1832 | Orc:2    | Reached skill level 1 in Dodging
  1832 | Orc:2    | Noticed a two-headed ogre
  1834 | Orc:2    | Noticed Jorgrun
  1835 | Orc:2    | Killed a two-headed ogre
  1835 | Orc:2    | Received a gift from Okawaru
  1836 | Orc:2    | Noticed an ogre mage
  1841 | Orc:2    | Killed a two-headed ogre
  1841 | Orc:2    | Reached skill level 4 in Armour
  1841 | Orc:2    | Reached skill level 2 in Dodging
  1843 | Orc:2    | Killed an ogre mage
  1849 | Orc:1    | Killed an ogre mage
  1849 | Orc:1    | Reached XP level 12. HP: 67/109 MP: 9/12
  1859 | Orc:1    | Killed Jorgrun
  1859 | Orc:1    | Reached skill level 3 in Dodging
  1859 | Orc:1    | Reached skill level 7 in Evocations
  1866 | Orc:2    | Killed an ogre mage
  1866 | Orc:2    | Reached skill level 5 in Armour
  1876 | Orc:2    | Killed a two-headed ogre
  1876 | Orc:2    | Received a gift from Okawaru
  1885 | Orc:2    | Got a glimmering tower shield {god gift}
  1888 | Orc:2    | Noticed a two-headed ogre
  1895 | Orc:2    | Killed a two-headed ogre
  1895 | Orc:2    | Reached skill level 16 in Axes
  1895 | Orc:2    | Reached skill level 4 in Dodging
  1902 | Orc:2    | Noticed an ogre mage
  1906 | Orc:2    | Found Mamos's Armour Shoppe.
  1906 | Orc:2    | Found Jiuthamu's Book Boutique.
  1907 | Orc:2    | Found Araimp's Book Shop.
  1907 | Orc:2    | Found Afrajeed's Armour Shoppe.
  1915 | Orc:2    | Bought a +1 pair of gloves of archery for 231 gold pieces
  1921 | Orc:2    | Killed an ogre mage
  1921 | Orc:2    | Reached skill level 8 in Evocations
  1958 | Orc:1    | Bought a +4 plate armour of poison resistance for 799 gold
                  | pieces
  1958 | Orc:1    | Bought a +1 pair of boots of flying for 280 gold pieces
  2051 | D:9      | Reached skill level 8 in Fighting
  2285 | D:8      | Found a staircase to the Lair.
  2312 | D:8      | Reached skill level 6 in Armour
  2321 | Lair:1   | Entered Level 1 of the Lair of Beasts
  2409 | Lair:2   | Noticed Nergalle
  2414 | Lair:2   | Killed Nergalle
  2429 | Lair:2   | Reached ****** piety under Okawaru
  2497 | Lair:2   | Found a staircase to the Shoals.
  2520 | Lair:2   | Received a gift from Okawaru
  2522 | Lair:2   | Reached skill level 5 in Dodging
  2531 | Shoals:1 | Entered Level 1 of the Shoals
  2576 | Shoals:1 | Noticed Louise
  2592 | Shoals:1 | Noticed Aizul
  2623 | Shoals:1 | Killed Aizul
  2627 | Shoals:1 | Noticed a merfolk impaler
  2637 | Shoals:1 | Killed a merfolk impaler
  2637 | Shoals:1 | Reached XP level 13. HP: 118/118 MP: 8/13
  2649 | Shoals:1 | Got a warped lapis lazuli ring
  2651 | Shoals:1 | Identified the ring "Wacleug" {rPois rC+ Str+5 Int+6} (You
                  | found it on level 1 of the Shoals)
  2681 | Shoals:1 | Killed Louise
  2681 | Shoals:1 | Reached skill level 7 in Armour
  2721 | Shoals:2 | Noticed a kraken
  2728 | Shoals:2 | Reached skill level 6 in Dodging
  2735 | Shoals:2 | Killed a kraken
  2735 | Shoals:2 | Reached skill level 17 in Axes
  2744 | Shoals:2 | Reached skill level 9 in Fighting
  2749 | Shoals:2 | Noticed a merfolk javelineer
  2765 | Shoals:2 | Killed a merfolk javelineer
  2782 | Shoals:2 | Received a gift from Okawaru
  2783 | Shoals:2 | Got a translucent tower shield {god gift}
  2803 | Shoals:3 | Found a burning altar of Makhleb.
  2803 | Shoals:3 | Noticed a merfolk javelineer
  2804 | Shoals:3 | Noticed Ilsuiw
  2808 | Shoals:3 | Noticed a merfolk impaler
  2824 | Shoals:3 | Reached skill level 8 in Armour
  2826 | Shoals:3 | Reached skill level 7 in Dodging
  2831 | Shoals:3 | Killed a merfolk impaler
  2844 | Shoals:3 | Killed a merfolk javelineer
  2864 | Shoals:3 | Killed Ilsuiw
  2864 | Shoals:3 | Noticed a merfolk impaler
  2882 | Shoals:3 | Killed a merfolk impaler
  2891 | Shoals:4 | Entered Level 4 of the Shoals
  2975 | Shoals:4 | Gained mutation: You resist negative energy. (rN+) [Deep
                  | Dwarf growth]
  2975 | Shoals:4 | Reached XP level 14. HP: 130/130 MP: 14/14
  3001 | Shoals:4 | Reached skill level 18 in Axes
  3066 | Shoals:4 | Reached skill level 8 in Dodging
  3087 | Shoals:4 | Reached skill level 9 in Armour
  3129 | Shoals:4 | Received a gift from Okawaru
  3223 | Shoals:4 | Reached skill level 10 in Fighting
  3263 | Shoals:4 | Received a gift from Okawaru
  3271 | Shoals:4 | Got a barnacled rune of Zot
  3355 | Shoals:2 | Reached skill level 9 in Evocations
  3488 | Lair:4   | Reached skill level 9 in Dodging
  3839 | Lair:3   | Reached skill level 10 in Armour
  4299 | Lair:2   | Found a staircase to the Snake Pit.
  4315 | Snake:1  | Entered Level 1 of the Snake Pit
  4324 | Snake:1  | Reached XP level 15. HP: 140/140 MP: 9/15
  4347 | Snake:1  | Reached skill level 19 in Axes
  4376 | Snake:2  | Reached skill level 10 in Evocations
  4456 | Snake:2  | Noticed Nikola
  4482 | Snake:2  | Killed Nikola
  4533 | Snake:2  | Received a gift from Okawaru
  4538 | Snake:2  | Noticed a nagaraja
  4554 | Snake:2  | Killed a nagaraja
  4561 | Snake:2  | Reached skill level 10 in Dodging
  4563 | Snake:2  | You are sucked into a shaft and drop 1 floor!
  4564 | Snake:3  | Noticed a nagaraja
  4566 | Snake:3  | Noticed a nagaraja
  4571 | Snake:3  | Noticed a nagaraja
  4571 | Snake:3  | Noticed a nagaraja
  4574 | Snake:3  | Killed a nagaraja
  4577 | Snake:3  | Killed a nagaraja
  4577 | Snake:3  | Reached skill level 11 in Fighting
  4580 | Snake:3  | Killed a nagaraja
  4580 | Snake:3  | Received a gift from Okawaru
  4593 | Snake:3  | Killed a nagaraja
  4593 | Snake:3  | Reached skill level 11 in Evocations
  4596 | Snake:3  | Noticed a nagaraja
  4610 | Snake:3  | Killed a nagaraja
  4610 | Snake:3  | Reached skill level 11 in Armour
  4616 | Snake:4  | Entered Level 4 of the Snake Pit
  4619 | Snake:4  | Noticed Mara
  4631 | Snake:4  | Noticed EnegeticOcto's illusion
  4642 | Snake:4  | Received a gift from Okawaru
  4647 | Snake:4  | Killed Mara
  4656 | Snake:4  | Reached XP level 16. HP: 150/150 MP: 16/16
  4670 | Snake:4  | Reached skill level 20 in Axes
  4708 | Snake:4  | Received a gift from Okawaru
  4710 | Snake:4  | Reached skill level 11 in Dodging
  4838 | Snake:4  | Reached skill level 12 in Evocations
  4857 | Snake:4  | Noticed Agnes
  4869 | Snake:4  | Killed Agnes
  4890 | Snake:4  | Reached skill level 12 in Armour
  4909 | Snake:4  | Noticed Vashnia
  4924 | Snake:4  | Reached skill level 12 in Fighting
  4925 | Snake:4  | Killed Vashnia
  4937 | Snake:4  | Received a gift from Okawaru
  4943 | Snake:4  | Got an iridescent battleaxe {god gift}
  4997 | Snake:4  | Reached skill level 13 in Evocations
  5011 | Snake:4  | Reached skill level 12 in Dodging
  5053 | Snake:4  | Got a serpentine rune of Zot
  5309 | D:8      | Cast into level 3 of the Abyss (unwielding a weapon of
                  | distortion)
  5314 | Abyss:3  | Gained mutation: Armour fits poorly on your strangely
                  | shaped body. [mutagenic glow]
  5315 | Abyss:3  | Noticed a tentacled starspawn
  5322 | Abyss:3  | Noticed a tentacled starspawn
  5326 | Abyss:3  | Gained mutation: You are clumsy. (Dex -2) [mutagenic glow]
  5328 | Abyss:3  | Killed a tentacled starspawn
  5328 | Abyss:3  | Reached XP level 17. HP: 139/162 MP: 15/17
  5331 | Abyss:3  | Received a gift from Okawaru
  5333 | Abyss:3  | Reached skill level 13 in Armour
  5345 | Abyss:3  | Found a corrupted altar of Lugonu.
  5386 | Abyss:3  | Identified the +7 battleaxe of Somu {vorpal, +Fly rC+}
                  | (Okawaru gifted it to you on level 4 of the Snake Pit)
  5438 | Abyss:3  | Your magical essence is drained by the effort!
  5597 | Abyss:3  | Reached skill level 13 in Dodging
  5612 | Abyss:3  | Reached skill level 13 in Fighting
  5622 | Abyss:3  | Your magical essence is drained by the effort!
  5658 | Abyss:3  | Received a gift from Okawaru
  5669 | Abyss:3  | Your magical essence is drained by the effort!
  5684 | Abyss:3  | Got an abyssal rune of Zot
  5736 | Abyss:4  | Found a sparkling altar of Nemelex Xobeh.
  5752 | Abyss:4  | Found a corrupted altar of Lugonu.
  5765 | D:8      | Escaped the Abyss
  5809 | D:7      | Lost mutation: Armour fits poorly on your strangely shaped
                  | body. [potion of mutation]
  5809 | D:7      | Lost mutation: You have sharp fingernails. [potion of
                  | mutation]
  5809 | D:7      | Gained mutation: You passively map a large area around you.
                  | [potion of mutation]
  5809 | D:7      | Gained mutation: Your flesh is heat resistant. (rF+)
                  | [potion of mutation]
  6030 | D:15     | Entered Level 15 of the Dungeon
  6051 | D:15     | Found a staircase to the Depths.
  6068 | Depths:1 | Entered Level 1 of the Depths
  6148 | Depths:4 | Noticed Margery
  6152 | Depths:4 | Reached skill level 14 in Armour
  6160 | Depths:4 | Received a gift from Okawaru
  6183 | Depths:4 | Killed Margery
  6183 | Depths:4 | Reached skill level 11 in Invocations
  6185 | Depths:4 | Got a bloodstained broad axe {god gift}
  6189 | Depths:4 | Found a gateway to Hell.
  6246 | Depths:4 | Noticed a tentacled monstrosity
  6250 | Depths:4 | Noticed Saint Roka
  6257 | Depths:4 | Killed a tentacled monstrosity
  6257 | Depths:4 | Received a gift from Okawaru
  6274 | Depths:4 | Killed Saint Roka
  6274 | Depths:4 | Mutation became permanent: You passively map the area
                  | around you. [Deep Dwarf growth]
  6274 | Depths:4 | Gained mutation: You passively map a large area around you.
                  | [Deep Dwarf growth]
  6274 | Depths:4 | Reached XP level 18. HP: 172/172 MP: 7/16
  6308 | Depths:5 | Entered Level 5 of the Depths
  6441 | Depths:5 | Found a gate to the Realm of Zot.
  6441 | Depths:5 | Noticed a golden dragon
  6457 | Depths:5 | Killed a golden dragon
  6457 | Depths:5 | Reached skill level 14 in Dodging
  6482 | Zot:1    | Entered Level 1 of the Realm of Zot
  6495 | Zot:1    | Reached skill level 14 in Evocations
  6514 | Zot:1    | Noticed a golden dragon
  6524 | Zot:1    | Reached skill level 12 in Invocations
  6537 | Zot:1    | Killed a golden dragon
  6537 | Zot:1    | Received a gift from Okawaru
  6607 | Zot:2    | Got a vibrating wooden ring
  6627 | Zot:2    | Received a gift from Okawaru
  6630 | Zot:2    | Identified the ring of Xom's Amusement {Wiz rF+} (You found
                  | it on level 2 of the Realm of Zot)
  6651 | Zot:2    | Noticed a tentacled monstrosity
  6662 | Zot:2    | Killed a tentacled monstrosity
  6663 | Zot:2    | Reached skill level 14 in Fighting
  6711 | Zot:3    | Noticed a tentacled monstrosity
  6741 | Zot:3    | Killed a tentacled monstrosity
  6741 | Zot:3    | Received a gift from Okawaru
  6744 | Zot:3    | Reached skill level 15 in Armour
  6753 | Zot:3    | Reached XP level 19. HP: 176/182 MP: 11/18
  6809 | Zot:3    | Reached skill level 13 in Invocations
  6809 | Zot:3    | Reached skill level 15 in Evocations
  6882 | Zot:3    | Your magical essence is drained by the effort!
  6883 | Zot:3    | Your magical essence is drained by the effort!
  6885 | Zot:3    | Your magical essence is drained by the effort!
  6930 | Zot:3    | Reached skill level 15 in Dodging
  6936 | Zot:3    | Your magical essence is drained by the effort!
  7134 | Zot:4    | Received a gift from Okawaru
  7138 | Zot:4    | Reached skill level 21 in Axes
  7307 | Zot:4    | Your magical essence is drained by the effort!
  7311 | Zot:4    | Reached skill level 14 in Invocations
  7315 | Zot:4    | Your magical essence is drained by the effort!
  7330 | Zot:5    | Entered Level 5 of the Realm of Zot
  7366 | Zot:5    | Noticed a golden dragon
  7366 | Zot:5    | Noticed a Killer Klown
  7369 | Zot:5    | HP: 8/183 [Orb Guardian (4)]
  7370 | Zot:5    | Mangled by an Orb Guardian

Illustrated notes

Levels and vault maps discovered:
D:1:      wander_arrival_fairy_ring, layout_basic, minmay_misc_feat_enclosed,
          minmay_misc_feat_five
D:2:      layout_loops_cross, overflow_temple_1_default,
          nicolae_overflow_hidden_temple
D:3:      layout_basic
D:4:      layout_loops_ring, chequers_serial_rivers_room_b, minmay_bent,
          uniq_sigmund, uniq_natasha, uniq_ijyb
D:5:      layout_rooms, marbit_many_paths, minmay_manual_monolith
D:6:      layout_basic, temple_statues, serial_shops, kennysheep_mini_moat
D:7:      layout_loops_ring
D:8:      layout_basic, gammafunk_temple_overflow_wave, david_lair_generic,
          serial_rivers, chequers_serial_rivers_room_b,
          chequers_serial_rivers_room_b, chequers_serial_rivers_small_a,
          chequers_serial_rivers_room_b, chequers_serial_rivers_marsh,
          hangedman_abyss_or_decor_passed, hangedman_decor_lopped
D:9:      layout_rooms, nicolae_gozag_cash_rules_everything_around_me,
          serial_shops, shop_coins, nicolae_elemental_shop, tgw_kikubaaqudgha,
          uniq_erolcha
D:10:     layout_irregular_city, orc_0_dummy, hangedman_decor_peaks_small,
          library_closet
D:11:     layout_stronghold, item_on_display_a
D:12:     layout_basic, gammafunk_ghost_split, uniq_gastronok, uniq_azrael,
          uniq_nessos
D:13:     layout_cave_pools, david_vaults_1, serial_shops, nicolae_shop_trees,
          dk_noncrumbling_2, minivault_7, uniq_snorg, uniq_urug, uniq_josephine
D:14:     layout_long_grid, minmay_misc_feat_square
D:15:     hangedman_depths_entry_try_elsewhere_first, layout_basic,
          fedhas_altar_2
Lair:1:   layout_regular_city
Lair:2:   layout_long_grid, shoals_dummy_entry,
          minmay_snake_entry_guardpost_small, minmay_hedge_maze,
          infiniplex_staircase_pool_2, uniq_nergalle
Lair:3:   layout_regular_city, grunt_forest_stairs_basic, grunt_megastairs_1
Lair:4:   minmay_guarded_unrand_snakebite, layout_gridlike
Shoals:1: layout_shoals, nicolae_shoals_kraken_intersection, uniq_aizul,
          uniq_louise
Shoals:2: layout_shoals, ebering_ghost_davey_jones, dpeg_stationary_puzzle
Shoals:3: cheibrodos_shoals_roost, layout_shoals, nicolae_shoals_seven_spires,
          lemuel_oklob_altar, uniq_ilsuiw
Shoals:4: shoals_end_simple, layout_shoals
Snake:1:  layout_misc_corridors
Snake:2:  layout_onion, grunt_ministairs_2, grunt_megastairs_3,
          serial_bayou_shore_b, uniq_nikola
Snake:3:  nicolae_aizul_guard, layout_cave_town, uniq_roxanne
Snake:4:  snake_pit, layout_layer_cave, serial_shops, bzr_entry_water,
          grunt_ministairs_10, serial_bayou_ford_a, uniq_agnes, uniq_vashnia,
          uniq_mara
Orc:1:    layout_caves, serial_shops, nicolae_shop_trees, lightli_orcish_oven,
          uniq_harold
Orc:2:    st_orc_ogre_mass, layout_caves, uniq_jorgrun
Depths:1: layout_cave_shapes, enter_ziggurat_b, abyss_entry_small_statue_room,
          hell_entry, kennysheep_decorative_pillar, item_on_display_a,
          uniq_asterion, uniq_sojobo
Depths:2: minmay_sliced_demisemicircle, layout_gridlike,
          pf_hell_entry_tar_river, serial_shops, shop, grunt_decor_arrowhead,
          infiniplex_staircase_pool_lava
Depths:3: radiant_caverns_a_rkd, abyss_entry, hell_entry, pan_entry
Depths:4: hangedman_arrow_trap, layout_gridville, grunt_metal_band, abyss_entry,
          minmay_shop_grove, minmay_staircase_windowed_large,
          serial_bayou_shore_b, serial_bayou_shore_b, uniq_saint_roka
Depths:5: evilmike_zot_entry_round, layout_long_grid, minmay_misc_feat_plants,
          hell_entry, ebering_ghost_disaster_area, serial_sigils_hangedman_gnaw,
          drop_trap
Zot:1:    layout_misc_corridors, lemuel_golem_globe
Zot:2:    layout_cathedral_of_symmetry, grunt_ministairs_8, skrybe_zot_glass_2
Zot:3:    layout_onion
Zot:4:    layout_basic
Zot:5:    layout_misc_corridors, basic_altar

Skill      XL: |  1  2  3  4  5  6  7  8  9 10 11 12 13 14 15 16 17 18 19 |
---------------+----------------------------------------------------------+-----
Axes           | 3 4 5 6 7 9 11 12 14 15 16 17 18 19 20 21 | 21.1
Invocations    | 1 3 5 7 9 10 11 12 14 | 14.0
Fighting       | 4 6 7 8 9 10 11 12 13 14 | 14.7
Evocations     | 3 6 8 9 11 13 14 15 | 15.0
Dodging        | 2 5 7 9 10 12 13 14 15 | 15.4
Armour         | 4 6 8 10 11 12 14 15 | 15.7
Shields        | |  3.2

Action                   |  1- 3 |  4- 6 |  7- 9 | 10-12 | 13-15 | 16-18 | 19-21 || total
-------------------------+-------+-------+-------+-------+-------+-------+-------++-------
Melee: War axe           |    77 |    88 |   183 |    85 |       |       |       ||   433
       Battleaxe         |       |       |       |   222 |   602 |   371 |       ||  1195
       Executioner's axe |       |       |       |       |       |   419 |   258 ||   677
Throw: Boomerang         |       |       |       |     1 |     8 |       |       ||     9
Invok: Heroism           |       |     1 |     4 |     5 |    11 |    14 |     5 ||    40
       Finesse           |       |       |       |     2 |     4 |     8 |     3 ||    17
 Abil: Heal Wounds       |     2 |     3 |    10 |    17 |     2 |    18 |    21 ||    73
       Evoke Invisibilit |       |       |       |     3 |     2 |     3 |       ||     8
Evoke: Wand              |       |       |       |     3 |    10 |     6 |     9 ||    28
       Condenser vane    |       |       |       |       |     2 |     4 |     2 ||     8
       Box of beasts     |       |       |       |       |       |       |     2 ||     2
  Use: Scroll            |     1 |     3 |     6 |     7 |     7 |     8 |     3 ||    35
       Potion            |       |       |       |       |       |     1 |     6 ||     7
 Stab: Invisible         |       |       |       |    39 |     7 |    28 |    25 ||    99
       Paralysed         |       |       |       |       |     1 |       |     4 ||     5
Armor: Scale mail        |    55 |     2 |       |       |       |       |       ||    57
       Chain mail        |       |    40 |    41 |       |       |       |       ||    81
       Plate armour      |       |       |    23 |   153 |   523 |   695 |   234 ||  1628
Dodge: Dodged            |    48 |    24 |    41 |   143 |   402 |   724 |   185 ||  1567
Block: Kite shield       |    72 |    59 |   160 |    86 |       |       |       ||   377
       Reflection        |       |       |     7 |     5 |    11 |    24 |     2 ||    49
       Other             |       |       |       |    46 |   157 |   249 |    61 ||   513

Table legend: (Time is in decaauts)
 A = Elapsed time spent in this place.
 B = Non-inter-level travel time spent in this place.
 C = Inter-level travel time spent in this place.
 D = Time resting spent in this place.
 E = Time spent auto-exploring this place.
 F = Levels seen in this place.
 G = Mean time per level.
                   A        B        C        D        E       F      G
               +--------+--------+--------+--------+--------+-----+--------+
         Total |   6819 |   6587 |    232 |      0 |      0 |  41 |  166.3 |
       Dungeon |   2176 |   2107 |     69 |      0 |      0 |  15 |  145.1 |
          Lair |   1123 |   1029 |     94 |      0 |      0 |   4 |  280.8 |
        Shoals |    805 |    763 |     42 |      0 |      0 |   4 |  201.2 |
     Snake Pit |    759 |    747 |     12 |      0 |      0 |   4 |  189.8 |
  Orcish Mines |    448 |    448 |      0 |      0 |      0 |   2 |  224.0 |
        Depths |    358 |    343 |     15 |      0 |      0 |   5 |   71.6 |
           Zot |    745 |    745 |      0 |      0 |      0 |   5 |  149.0 |
         Abyss |    402 |    402 |      0 |      0 |      0 |   2 |  201.0 |
               +--------+--------+--------+--------+--------+-----+--------+

Top non-repeatable levels by time:
  Lair:4: 446 daAuts
 Snake:4: 410 daAuts
Shoals:4: 396 daAuts
     D:9: 340 daAuts
 Abyss:3: 336 daAuts
  Lair:3: 334 daAuts
   Zot:4: 288 daAuts
   Orc:1: 288 daAuts
   Zot:3: 277 daAuts
     D:8: 247 daAuts
  Lair:2: 227 daAuts
     D:5: 224 daAuts
    D:11: 223 daAuts
    D:10: 213 daAuts
     D:6: 195 daAuts
